 Seeded DCSS version 0.30.1-11-g7821555f0a (webtiles) character file.

Game seed: 430007637681659361 (custom seed)

16 McKennaii the Conjurer (level 2, 20/20 HPs)
             Began as a Demigod Conjurer on Jan 17, 2024.
             Quit the game on level 2 of the Dungeon.
             The game lasted 00:01:01 (206 turns).

McKennaii the Conjurer (Demigod Conjurer)            Turns: 206, Time: 00:01:02

Health: 20/20      AC:  3    Str:  8    XL:     2   Next: 24%
Magic:  5/7        EV: 12    Int: 20    God:
Gold:   1558       SH:  0    Dex: 12    Spells: 3/4 levels left

rFire   . . .        (no weapon)
rCold   . . .        (no shield)
rNeg    . . .        a - +0 robe
rPois   .            (no helmet)
rElec   .            (no cloak)
rCorr   .            c - +0 pair of gloves
SInv    .            (no boots)
Will    .....        (no amulet)
Stlth   ++           (no ring)
HPRegen 0.23/turn    (no ring)
MPRegen 0.10/turn

%: no passive effects
@: no status effects
A: high MP 1, forlorn, divine attributes
a: no special abilities


You were on level 2 of the Dungeon.
You visited 1 branch of the dungeon, and saw 2 of its levels.

You collected 1558 gold pieces.

Inventory:

Armour
 a - a +0 robe (worn)
 c - a +0 pair of gloves (worn)
 e - the +0 pair of gloves of Vlad {Regen+ Dex+2}
   (You acquired it on level 2 of the Dungeon)

   Dex:       It affects your dexterity (+2).
   Regen:     It increases your rate of health regeneration.
Jewellery
 d - the amulet of the Scavenger {Regen+ Str+3}
   (You acquired it on level 2 of the Dungeon)

   [amulet of regeneration]

   Str:       It affects your strength (+3).
   Regen:     It increases your rate of health regeneration.
Potions
 b - a potion of magic


   Skills:
 - Level 1.7 Dodging
 - Level 1.7 Stealth
 + Level 1.9 Spellcasting
 + Level 4.2 Conjurations


You had 3 spell levels left.
You knew the following spells:

 Your Spells              Type           Power      Damage    Failure   Level
a - Magic Dart            Conj           72%        1d6       2%          1

Your spell library contained the following spells:

 Spells                   Type           Power      Damage    Failure   Level
 Searing Ray              Conj           36%        2d5       4%          2
 Dazzling Flash           Conj/Hex       20%        N/A       21%         3
 Fulminant Prism          Conj/Hex       5%         3d7       56%         4
 Iskenderun's Mystic Bla  Conj/Tloc      10%        2d4       56%         4


Dungeon Overview and Level Annotations

Branches:
Dungeon (2/15)


Innate Abilities, Weirdness & Mutations

You have an increased reservoir of magic. (+10% MP)
You shall have no god before yourself.
Your divine heritage dramatically boosts your attributes as you level up.


Message History

You kill the adder!
Your Conjurations skill increases to level 4!
You have reached level 2!
The magic dart hits the hobgoblin.
The hobgoblin is heavily wounded.
The magic dart hits the hobgoblin.
You kill the hobgoblin!
You are out of magic!
Found a pair of gloves and 5 gold pieces.
Found a stone staircase leading up.
You see here a +0 pair of gloves.
c - a +0 pair of gloves You start putting on your armour.
You continue putting on your +0 pair of gloves. x4
You finish putting on your +0 pair of gloves.
You now have 1558 gold pieces (gained 5).
Found a scroll of acquirement.
A quokka comes into view.
A quokka is nearby!
A quokka is nearby!
You closely miss the quokka. The quokka barely misses you.
You barely miss the quokka.
The quokka bites you but does no damage.
The quokka misses you.
You hit the quokka but do no damage. The quokka closely misses you.
The magic dart hits the quokka.
The quokka is moderately wounded.
The quokka completely misses you.
The magic dart hits the quokka.
You kill the quokka!
You can't see any susceptible monsters within range! (Use Z to cast anyway.)
You see here a quokka corpse.
A goblin comes into view. It is wielding a +0 dagger.
You see here a scroll of acquirement.
Okay, then.
e - a scroll of acquirement Something appears at your feet!
e - the +0 pair of gloves of Vlad {Regen+ Dex+2} The goblin shouts!
Are you sure you want to abandon this character and quit the game? (Confirm with "yes".)

####.# #.# #.#
#.# #.## #..#
####†#### .
#.......###..g.
#......@....#
#.......#####
#########


You could see a goblin.

Vanquished Creatures
  An adder (D:2)
  A giant cockroach (D:2)
  A hobgoblin (D:2)
  A quokka (D:2)
  2 ball pythons
  2 bats (D:1)
8 creatures vanquished.

Notes
Turn   | Place    | Note
-------+----------+-------------------------------------------
     0 | D:1      | McKennaii the Demigod Conjurer began the quest for the Orb.
     0 | D:1      | Reached XP level 1. HP: 14/14 MP: 5/5
    97 | D:2      | Identified 3 scrolls of acquirement
    97 | D:2      | Acquired the amulet of the Scavenger {Regen+ Str+3}
   104 | D:2      | Acquired 804 gold pieces
   110 | D:2      | Acquired 749 gold pieces
   134 | D:2      | Reached skill level 4 in Conjurations
   134 | D:2      | Reached XP level 2. HP: 19/20 MP: 2/7
   204 | D:2      | Acquired the +0 pair of gloves of Vlad {Regen+ Dex+2}
   206 | D:2      | Quit the game

Illustrated notes

Levels and vault maps discovered:
D:1:      wander_arrival_chamber, layout_basic, kennysheep_boxes
D:2:      layout_rooms, dilly_ecumenical_altar_fadedgnrine, basic_altar,
          uniq_terence

Skill      XL: |  1 |
---------------+----+-----
Conjurations   | 4 |  4.2
Dodging        | |  1.7
Stealth        | |  1.7
Spellcasting   | |  1.9

Action                     || total
---------------------------++-------
  Melee: Unarmed           ||     3
   Cast: Magic Dart        ||    13
    Use: Scroll            ||     4
 Armour: Robe              ||     1
  Dodge: Dodged            ||     6
